| TOP OF THE 1ST |
|
Princeton Rays batting - Pitching for Baltimore (APP) Orioles : RHP Jason Turley
|
|
Pitching: RHP Jason Turley
|
|
|
Batting: LHB Jonathan Spino
|
0-0: Ball 1-0: Ball 2-0: Ball 3-0: Called Strike 3-1: Base on Balls
|
|
Batting: SHB Joshua Jackson
|
0-0: Ball 1-0: Called Strike 1-1: Reached on error, E4 (Groundball, 4M, EV 102.5 MPH) Jonathan Spino to second
|
|
Batting: LHB Rich Matthews
|
0-0: Ball 1-0: Called Strike 1-1: Foul Ball, location: 2F 1-2: Strikes out looking
|
|
Batting: RHB John Downing
|
0-0: Ball 1-0: Reached on error, E3 (Groundball, 34, EV 81.2 MPH) Jonathan Spino to third Joshua Jackson to second
|
|
Batting: LHB Sean Banks
|
0-0: Foul Ball, location: 2F 0-1: Ball 1-1: Swinging Strike 1-2: DOUBLE (Line Drive, 78D, EV 105.6 MPH) Jonathan Spino scores Joshua Jackson scores John Downing to third
|
|
Batting: RHB Roberto Aispuro
|
0-0: Ball 1-0: Called Strike 1-1: Fly out, F8 (Line Drive, 8LD, EV 91.2 MPH) Runner from 3rd tags up, SCORES, throw by CF Sean Banks to third
|
|
Batting: RHB Jim Erdody
|
0-0: Called Strike 0-1: Ball 1-1: SINGLE (Groundball, 4D, EV 96.2 MPH) Sean Banks scores
|
|
Batting: RHB Adam Turpin
|
0-0: Ball 1-0: Foul Ball, location: 2F 1-1: Fly out, F9 (Line Drive, 9LM, EV 94.4 MPH)
|
| Top of the 1st over - 4 runs, 2 hits, 2 errors, 1 left on base; Princeton 4 - Baltimore (APP) 0 |
| BOTTOM OF THE 1ST |
|
Baltimore (APP) Orioles batting - Pitching for Princeton Rays : RHP Robin Pick
|
|
Pitching: RHP Robin Pick
|
|
|
Batting: RHB Ismael Macedo
|
0-0: Called Strike 0-1: Called Strike 0-2: Fly out, F7 (Line Drive, 7S, EV 96.9 MPH)
|
|
Batting: RHB Luke Vaccarino
|
0-0: Swinging Strike 0-1: Ball 1-1: Ball 2-1: Ball 3-1: SINGLE (Groundball, 6MD, EV 96.2 MPH)
|
|
Batting: LHB Sam Williams
|
0-0: Ball 1-0: Foul Ball, location: 2F 1-1: Foul Ball, location: 2F 1-2: Ball 2-2: Ball 3-2: Foul Ball, location: 2F 3-2: Fielders Choice at 2nd, 3-6 (Groundball, 3, EV 82.5 MPH)
|
|
Batting: RHB Matthew Neal
|
0-0: Ball 1-0: Called Strike Sam Williams steals 2nd base 1-1: Foul Ball, location: 2F 1-2: Strikes out swinging
|
| Bottom of the 1st over - 0 runs, 1 hit, 0 errors, 1 left on base; Princeton 4 - Baltimore (APP) 0 |
| TOP OF THE 2ND |
|
Princeton Rays batting - Pitching for Baltimore (APP) Orioles : RHP Jason Turley
|
|
Batting: RHB Bazyli Andrysiak
|
0-0: Ball 1-0: Ball 2-0: Foul Ball, location: 2F 2-1: Fly out, F9 (Flyball, 9LD, EV 96.2 MPH)
|
|
Batting: LHB Jonathan Spino
|
0-0: Swinging Strike 0-1: Swinging Strike 0-2: Foul Ball, location: 2F 0-2: Ball 1-2: Ball 2-2: Ground out 4-3 (Groundball, 34D, EV 103.1 MPH)
|
|
Batting: SHB Joshua Jackson
|
0-0: Ball 1-0: Called Strike 1-1: Swinging Strike 1-2: Ball 2-2: Foul Ball, location: 2F 2-2: Strikes out looking
|
| Top of the 2nd over - 0 runs, 0 hits, 0 errors, 0 left on base; Princeton 4 - Baltimore (APP) 0 |
| BOTTOM OF THE 2ND |
|
Baltimore (APP) Orioles batting - Pitching for Princeton Rays : RHP Robin Pick
|
|
Batting: SHB Chris Wright
|
0-0: Called Strike 0-1: Foul Ball, location: 2F 0-2: Ball 1-2: SINGLE (Groundball, 6MD, EV 103.1 MPH)
|
|
Batting: RHB Carlos Teniente
|
0-0: Ball 1-0: Ball 2-0: Ball Wild Pitch! Chris Wright to second 3-0: Base on Balls
|
|
Batting: RHB Tony Fernandez
|
0-0: Ball 1-0: Ball 2-0: Ball 3-0: Base on Balls Chris Wright to third Carlos Teniente to second
|
|
Batting: LHB Keith Long
|
0-0: Ball 1-0: Fly out, F8 (Flyball, 8LM, EV 73.1 MPH) Runner from 3rd tags up, SCORES, throw by CF
|
|
Batting: RHB Marquis Major
|
0-0: Ball 1-0: Ball 2-0: Ball 3-0: Called Strike 3-1: Base on Balls Carlos Teniente to third Tony Fernandez to second
|
|
Batting: RHB Ismael Macedo
|
0-0: Called Strike 0-1: Ball 1-1: Reached on error, E5 (Groundball, 5S, EV 88.8 MPH) Carlos Teniente scores Tony Fernandez to third Marquis Major to second
|
|
Batting: RHB Luke Vaccarino
|
0-0: Foul Ball, location: 2F 0-1: Called Strike 0-2: Ball Wild Pitch! Tony Fernandez scores Marquis Major to third Ismael Macedo to second 1-2: Foul Ball, location: 2F 1-2: Strikes out swinging
|
|
Batting: LHB Sam Williams
|
0-0: Foul Ball, location: 2F 0-1: Ball 1-1: Called Strike 1-2: Strikes out swinging
|
| Bottom of the 2nd over - 3 runs, 1 hit, 1 error, 2 left on base; Princeton 4 - Baltimore (APP) 3 |
| TOP OF THE 3RD |
|
Princeton Rays batting - Pitching for Baltimore (APP) Orioles : RHP Jason Turley
|
|
Batting: LHB Rich Matthews
|
0-0: Called Strike 0-1: Foul Ball, location: 2F 0-2: Ball 1-2: Strikes out swinging
|
|
Batting: RHB John Downing
|
0-0: Ball 1-0: Called Strike 1-1: SINGLE (Groundball, 5S, EV 72.5 MPH) (infield hit)
|
|
Batting: LHB Sean Banks
|
0-0: Called Strike 0-1: Called Strike 0-2: Foul Ball, location: 2F 0-2: Reached on error, E4 (Groundball, 34D, EV 101.2 MPH) John Downing to second
|
|
Batting: RHB Roberto Aispuro
|
0-0: Ball 1-0: Foul Ball, location: 2F 1-1: Fly out, F8 (Flyball, 8LD, EV 92.5 MPH)
|
|
Batting: RHB Jim Erdody
|
0-0: Ball 1-0: Ground out 5-3 (Groundball, 56S, EV 84.4 MPH)
|
| Top of the 3rd over - 0 runs, 1 hit, 1 error, 2 left on base; Princeton 4 - Baltimore (APP) 3 |
| BOTTOM OF THE 3RD |
|
Baltimore (APP) Orioles batting - Pitching for Princeton Rays : RHP Robin Pick
|
|
Batting: RHB Matthew Neal
|
0-0: Swinging Strike 0-1: Swinging Strike 0-2: Ball 1-2: Strikes out swinging
|
|
Batting: SHB Chris Wright
|
0-0: Fly out, F8 (Flyball, 8LXD, EV 85.6 MPH)
|
|
Batting: RHB Carlos Teniente
|
0-0: Ball 1-0: Called Strike 1-1: Fly out, F3 (Line Drive, 3L, EV 70.0 MPH)
|
| Bottom of the 3rd over - 0 runs, 0 hits, 0 errors, 0 left on base; Princeton 4 - Baltimore (APP) 3 |
| TOP OF THE 4TH |
|
Princeton Rays batting - Pitching for Baltimore (APP) Orioles : RHP Jason Turley
|
|
Batting: RHB Adam Turpin
|
0-0: Called Strike 0-1: Foul Ball, location: 2F 0-2: SINGLE (Groundball, 56, EV 102.5 MPH) (infield hit)
|
|
Batting: RHB Bazyli Andrysiak
|
0-0: Foul Ball, location: 2F 0-1: Foul Ball, location: 2F 0-2: Ball 1-2: Foul Ball, location: 2F 1-2: SINGLE (Groundball, 4D, EV 98.1 MPH) Adam Turpin to second Runner from 2nd tries for 3rd, SAFE, throw by RF made to third
|
|
Batting: LHB Jonathan Spino
|
0-0: Called Strike 0-1: Foul Ball, location: 2F 0-2: Fielders Choice at 2nd, 1-4 (Groundball, 15S, EV 67.5 MPH)
|
|
Batting: SHB Joshua Jackson
|
0-0: Ball 1-0: Ball 2-0: Ball Jonathan Spino steals 2nd base 3-0: Foul Ball, location: 2F 3-1: Base on Balls
|
|
Batting: LHB Rich Matthews
|
0-0: Fly out, F8 (Flyball, 8RM, EV 81.9 MPH)
|
|
Batting: RHB John Downing
|
0-0: Foul Ball, location: 2F 0-1: Called Strike 0-2: Strikes out swinging
|
| Top of the 4th over - 0 runs, 2 hits, 0 errors, 3 left on base; Princeton 4 - Baltimore (APP) 3 |
| BOTTOM OF THE 4TH |
|
Baltimore (APP) Orioles batting - Pitching for Princeton Rays : RHP Robin Pick
|
|
Batting: RHB Tony Fernandez
|
0-0: Swinging Strike 0-1: Ball 1-1: Ball 2-1: Called Strike 2-2: Ball 3-2: Base on Balls
|
|
Batting: LHB Keith Long
|
0-0: Called Strike 0-1: Ball 1-1: Foul Ball, location: 2F 1-2: Ball 2-2: Strikes out swinging
|
|
Batting: RHB Marquis Major
|
0-0: Foul Ball, location: 2F 0-1: Called Strike 0-2: Strikes out swinging
|
|
Batting: RHB Ismael Macedo
|
0-0: Ball Tony Fernandez steals 2nd base 1-0: Ball Wild Pitch! Tony Fernandez to third 2-0: Ball 3-0: Called Strike 3-1: SINGLE (Flyball, 8RS, EV 94.4 MPH) Tony Fernandez scores
|
|
Batting: RHB Luke Vaccarino
|
0-0: Ball 1-0: Called Strike 1-1: Ball 2-1: Foul Ball, location: 2F 2-2: Fly out, F8 (Line Drive, 8RM, EV 89.4 MPH)
|
| Bottom of the 4th over - 1 run, 1 hit, 0 errors, 1 left on base; Princeton 4 - Baltimore (APP) 4 |
| TOP OF THE 5TH |
|
Princeton Rays batting - Pitching for Baltimore (APP) Orioles : RHP Jason Turley
|
|
Batting: LHB Sean Banks
|
0-0: Ball 1-0: Ball 2-0: Called Strike 2-1: Ball 3-1: Foul Ball, location: 2F 3-2: Ground out 4-3 (Groundball, 4, EV 85.0 MPH)
|
|
Pitching: RHP Manny Saldana
|
|
|
Batting: RHB Roberto Aispuro
|
0-0: Ball 1-0: Foul Ball, location: 2F 1-1: Ball 2-1: Ball 3-1: Base on Balls
|
|
Batting: RHB Jim Erdody
|
0-0: Ball 1-0: Ground out 6-3 (Groundball, 6, EV 91.9 MPH) Roberto Aispuro to second
|
|
Batting: RHB Adam Turpin
|
0-0: Ball 1-0: Ground out 6-3 (Groundball, 56, EV 90.0 MPH)
|
| Top of the 5th over - 0 runs, 0 hits, 0 errors, 1 left on base; Princeton 4 - Baltimore (APP) 4 |
| BOTTOM OF THE 5TH |
|
Baltimore (APP) Orioles batting - Pitching for Princeton Rays : RHP Robin Pick
|
|
Batting: LHB Sam Williams
|
0-0: Called Strike 0-1: Ball 1-1: Foul Ball, location: 2F 1-2: Ball 2-2: Ball 3-2: Foul Ball, location: 2F 3-2: Fly out, F9 (Flyball, 89S, EV 94.4 MPH)
|
|
Batting: RHB Matthew Neal
|
0-0: Ball 1-0: Ball 2-0: Called Strike 2-1: Ball 3-1: Foul Ball, location: 2F 3-2: Foul Ball, location: 2F 3-2: Base on Balls
|
|
Batting: SHB Chris Wright
|
0-0: Ball 1-0: Swinging Strike 1-1: Ball 2-1: Called Strike 2-2: Strikes out looking
|
|
Batting: RHB Carlos Teniente
|
0-0: Foul Ball, location: 2F 0-1: Fly out, F9 (Line Drive, 9, EV 101.2 MPH)
|
| Bottom of the 5th over - 0 runs, 0 hits, 0 errors, 1 left on base; Princeton 4 - Baltimore (APP) 4 |
| TOP OF THE 6TH |
|
Princeton Rays batting - Pitching for Baltimore (APP) Orioles : RHP Manny Saldana
|
|
Batting: RHB Bazyli Andrysiak
|
0-0: Ground out 4-3 (Groundball, 4, EV 84.4 MPH)
|
|
Pitching: LHP Roger Farley
|
|
|
Pinch Hitting: RHB Gabe Higley
|
0-0: Swinging Strike 0-1: Foul Ball, location: 2F 0-2: Ball 1-2: Ball 2-2: Strikes out swinging, 2-3 out at first.
|
|
Batting: SHB Joshua Jackson
|
0-0: Ball 1-0: Foul Ball, location: 2F 1-1: Swinging Strike 1-2: Ground out 6-3 (Groundball, 6S, EV 69.4 MPH)
|
| Top of the 6th over - 0 runs, 0 hits, 0 errors, 0 left on base; Princeton 4 - Baltimore (APP) 4 |
| BOTTOM OF THE 6TH |
|
Baltimore (APP) Orioles batting - Pitching for Princeton Rays : RHP Robin Pick
|
|
Pitching: RHP Joey Morrison
|
|
|
Now in CF: Berthold Frey
|
|
|
Batting: RHB Tony Fernandez
|
0-0: Foul Ball, location: 2F 0-1: Ball 1-1: Called Strike 1-2: Ground out 6-3 (Groundball, 6, EV 106.9 MPH)
|
|
Batting: LHB Keith Long
|
0-0: Foul Ball, location: 2F 0-1: Swinging Strike 0-2: Foul Ball, location: 2F 0-2: Ball 1-2: Ball 2-2: Foul Ball, location: 2F 2-2: Fly out, F9 (Flyball, 89XD, EV 93.1 MPH)
|
|
Batting: RHB Marquis Major
|
0-0: Ball 1-0: Called Strike 1-1: Ball 2-1: Swinging Strike 2-2: Foul Ball, location: 2F 2-2: Strikes out swinging
|
| Bottom of the 6th over - 0 runs, 0 hits, 0 errors, 0 left on base; Princeton 4 - Baltimore (APP) 4 |
| TOP OF THE 7TH |
|
Princeton Rays batting - Pitching for Baltimore (APP) Orioles : LHP Roger Farley
|
|
Batting: LHB Rich Matthews
|
0-0: Swinging Strike 0-1: Foul Ball, location: 2F 0-2: Ground out 6-3 (Groundball, 6, EV 85.0 MPH)
|
|
Batting: RHB John Downing
|
0-0: Ball 1-0: Ball 2-0: Ball 3-0: Called Strike 3-1: Swinging Strike 3-2: Fly out, F8 (Line Drive, 8LM, EV 93.8 MPH)
|
|
Batting: LHB Sean Banks
|
0-0: Ball 1-0: Ball 2-0: Ball 3-0: Called Strike 3-1: Ground out 1-3 (Groundball, 13S, EV 71.9 MPH)
|
| Top of the 7th over - 0 runs, 0 hits, 0 errors, 0 left on base; Princeton 4 - Baltimore (APP) 4 |
| BOTTOM OF THE 7TH |
|
Baltimore (APP) Orioles batting - Pitching for Princeton Rays : RHP Joey Morrison
|
|
Batting: RHB Ismael Macedo
|
0-0: Foul Ball, location: 2F 0-1: SINGLE (Groundball, 56D, EV 96.9 MPH)
|
|
Batting: RHB Luke Vaccarino
|
0-0: Called Strike 0-1: Called Strike Ismael Macedo steals 2nd base 0-2: SINGLE (Flyball, 89M, EV 77.5 MPH) Ismael Macedo to third
|
|
Batting: LHB Sam Williams
|
0-0: Ball 1-0: Foul Ball, location: 2F 1-1: Called Strike 1-2: Fly out, F8 (Flyball, 8RXD, EV 85.0 MPH) Runner from 3rd tags up, SCORES, no throw by CF
|
|
Batting: RHB Matthew Neal
|
0-0: Ball 1-0: Called Strike 1-1: Swinging Strike 1-2: Ball 2-2: Ball 3-2: Foul Ball, location: 2F 3-2: Strikes out looking
|
|
Batting: SHB Chris Wright
|
0-0: Ball 1-0: Called Strike 1-1: Foul Ball, location: 2F 1-2: Ball 2-2: Ball 3-2: Foul Ball, location: 2F 3-2: Strikes out swinging
|
| Bottom of the 7th over - 1 run, 2 hits, 0 errors, 1 left on base; Princeton 4 - Baltimore (APP) 5 |
| TOP OF THE 8TH |
|
Princeton Rays batting - Pitching for Baltimore (APP) Orioles : LHP Roger Farley
|
|
Pitching: RHP Nick Hodge
|
|
|
Batting: RHB Roberto Aispuro
|
0-0: Ball 1-0: Ball 2-0: Swinging Strike 2-1: Foul Ball, location: 2F 2-2: Foul Ball, location: 2F 2-2: Foul Ball, location: 2F 2-2: Ball 3-2: SINGLE (Groundball, 6S, EV 74.4 MPH) (infield hit)
|
|
Batting: RHB Jim Erdody
|
0-0: Bunted foul 0-1: Bunt missed! 0-2: Foul Ball, location: 2F 0-2: SINGLE (Groundball, 56, EV 93.8 MPH) Roberto Aispuro to second
|
|
Batting: RHB Adam Turpin
|
0-0: Sac Bunt to 2L - play at first, batter OUT! 2-4 Roberto Aispuro to third Jim Erdody to second
|
|
Pinch Hitting: LHB Oscar Curiel
|
0-0: Swinging Strike 0-1: Called Strike 0-2: Strikes out looking
|
|
Batting: SHB Berthold Frey
|
0-0: Called Strike 0-1: Ball 1-1: Ball 2-1: Ground out U3 (Groundball, 3L, EV 85.6 MPH)
|
| Top of the 8th over - 0 runs, 2 hits, 0 errors, 2 left on base; Princeton 4 - Baltimore (APP) 5 |
| BOTTOM OF THE 8TH |
|
Baltimore (APP) Orioles batting - Pitching for Princeton Rays : RHP Joey Morrison
|
|
Pitching: LHP Ryan Folks
|
|
|
Now at C: Bobby Ross
|
|
|
Batting: RHB Carlos Teniente
|
0-0: Ball 1-0: Foul Ball, location: 2F 1-1: Ball 2-1: Foul Ball, location: 2F 2-2: Ball 3-2: Base on Balls
|
|
Batting: RHB Tony Fernandez
|
0-0: Ball Pickoff Throw by Catcher to First - Out! 1-0: Called Strike 1-1: Ground out 5-3 (Groundball, 56, EV 106.2 MPH)
|
|
Batting: LHB Keith Long
|
0-0: Ground out U3 (Groundball, 34, EV 102.5 MPH)
|
| Bottom of the 8th over - 0 runs, 0 hits, 0 errors, 0 left on base; Princeton 4 - Baltimore (APP) 5 |
| TOP OF THE 9TH |
|
Princeton Rays batting - Pitching for Baltimore (APP) Orioles : RHP Nick Hodge
|
|
Pitching: RHP Harley Hyde
|
|
|
Now at C: Luke Vaccarino
|
|
|
Now at 1B: Wes Reynolds
|
|
|
Now in CF: Vinny Rivera
|
|
|
Batting: SHB Joshua Jackson
|
0-0: Called Strike 0-1: Ground out 4-3 (Groundball, 4, EV 103.1 MPH)
|
|
Batting: LHB Rich Matthews
|
0-0: Ball 1-0: Foul Ball, location: 2F 1-1: Swinging Strike 1-2: Ball 2-2: Ball 3-2: Foul Ball, location: 2F 3-2: Base on Balls
|
|
Pinch Hitting: SHB Ray Luna
|
0-0: Ball 1-0: SINGLE (Groundball, 34D, EV 100.6 MPH) Rich Matthews to second Runner from 2nd tries for 3rd, SAFE, throw by RF made to third
|
|
Now in LF: John Barton
|
|
|
Now in RF: Matthew Neal
|
|
|
Batting: LHB Sean Banks
|
0-0: DOUBLE (Line Drive, 9LS, EV 89.4 MPH) Rich Matthews scores Ray Luna to third Runner from 3rd tries for Home, throw by RF and OUT! 9-4-2
|
|
Batting: RHB Roberto Aispuro
|
0-0: Ball 1-0: Fly out, F9 (Flyball, 89S, EV 92.5 MPH)
|
| Top of the 9th over - 1 run, 2 hits, 0 errors, 1 left on base; Princeton 5 - Baltimore (APP) 5 |
| BOTTOM OF THE 9TH |
|
Baltimore (APP) Orioles batting - Pitching for Princeton Rays : LHP Ryan Folks
|
|
Pitching: RHP David Espinosa
|
|
|
Now at 2B: Dave Northam
|
|
|
Batting: RHB Wes Reynolds
|
0-0: Ball 1-0: Called Strike 1-1: Called Strike 1-2: Ball 2-2: Fly out, F9 (Flyball, 9, EV 92.5 MPH)
|
|
Batting: RHB Ismael Macedo
|
0-0: Called Strike 0-1: Ball 1-1: Swinging Strike 1-2: Ball 2-2: Strikes out swinging
|
|
Batting: RHB Luke Vaccarino
|
0-0: Ball 1-0: Called Strike 1-1: Ball 2-1: DOUBLE (Groundball, 3L, EV 108.1 MPH)
|
|
Batting: LHB Sam Williams
|
0-0: Intentional Walk
|
|
Batting: RHB Matthew Neal
|
0-0: Foul Ball, location: 2F 0-1: Foul Ball, location: 2F 0-2: Ball 1-2: Strikes out swinging, 2-3 out at first.
|
| Bottom of the 9th over - 0 runs, 1 hit, 0 errors, 2 left on base; Princeton 5 - Baltimore (APP) 5 |
| TOP OF THE 10TH |
|
Princeton Rays batting - Pitching for Baltimore (APP) Orioles : RHP Harley Hyde
|
|
Pitching: RHP Matt Maddock
|
|
|
Batting: RHB Jim Erdody
|
0-0: Ground out U3 (Groundball, 34, EV 89.4 MPH)
|
|
Batting: RHB Adam Turpin
|
0-0: Ball 1-0: Called Strike 1-1: SINGLE (Groundball, 6, EV 100.6 MPH)
|
|
Batting: RHB Bobby Ross
|
0-0: Called Strike Adam Turpin steals 2nd base 0-1: Ball 1-1: Ball 2-1: Called Strike 2-2: Ball 3-2: Base on Balls
|
|
Batting: SHB Berthold Frey
|
0-0: Ball 1-0: Called Strike 1-1: Hit by Pitch Adam Turpin to third Bobby Ross to second
|
|
Batting: SHB Joshua Jackson
|
0-0: Ball 1-0: SINGLE (Groundball, 34D, EV 101.9 MPH) Adam Turpin scores Bobby Ross to third Berthold Frey to second
|
|
Batting: LHB Rich Matthews
|
0-0: Ball 1-0: Foul Ball, location: 2F 1-1: Swinging Strike 1-2: Foul Ball, location: 2F 1-2: Ball 2-2: Strikes out swinging
|
|
Batting: LHB Dave Northam
|
0-0: Called Strike 0-1: Swinging Strike 0-2: Strikes out swinging
|
| Top of the 10th over - 1 run, 2 hits, 0 errors, 3 left on base; Princeton 6 - Baltimore (APP) 5 |
| BOTTOM OF THE 10TH |
|
Baltimore (APP) Orioles batting - Pitching for Princeton Rays : RHP David Espinosa
|
|
Batting: SHB Chris Wright
|
0-0: Called Strike 0-1: Ball 1-1: Ball 2-1: Called Strike 2-2: Ball 3-2: Foul Ball, location: 2F 3-2: Strikes out swinging
|
|
Batting: RHB Carlos Teniente
|
0-0: Foul Ball, location: 2F 0-1: Ball 1-1: Swinging Strike 1-2: Foul Ball, location: 2F 1-2: Fly out, F8 (Flyball, 8RM, EV 91.9 MPH)
|
|
Batting: LHB Vinny Rivera
|
0-0: Called Strike 0-1: Called Strike 0-2: Ball 1-2: Ball 2-2: SINGLE (Line Drive, 89M, EV 105.0 MPH)
|
|
Batting: RHB John Barton
|
0-0: Ball 1-0: Ball 2-0: Swinging Strike 2-1: Ball 3-1: Base on Balls Vinny Rivera to second
|
|
Batting: RHB Wes Reynolds
|
0-0: Foul Ball, location: 2F 0-1: Swinging Strike 0-2: Ball 1-2: Ball 2-2: Foul Ball, location: 2F 2-2: Ground out 5-3 (Groundball, 56S, EV 90.6 MPH)
|
| Bottom of the 10th over - 0 runs, 1 hit, 0 errors, 2 left on base; Princeton 6 - Baltimore (APP) 5 |
|